 Dungeon Crawl Stone Soup version 0.25-a0-975-gcae8493d64 (webtiles) character file.

Game seed: 10805065416974166161, levelgen mode: deterministic

23 Esekla the Conjurer (level 2, 0/24 HPs)
             Began as a Naga Conjurer on May 9, 2020.
             Slain by a crimson imp (4 damage)
             ... on level 4 of the Dungeon.
             The game lasted 00:06:13 (662 turns).

Esekla the Conjurer (Naga Conjurer)                  Turns: 662, Time: 00:06:13

Health: 0/24       AC:  1    Str: 10    XL:     2   Next: 95%
Magic:  3/5        EV: 10    Int: 15    God:
Gold:   57         SH:  0    Dex: 11    Spells: 2/5 levels left

rFire    . . .     SeeInvis +   i - +0 hand axe
rCold    . . .     Gourm    .   (no shield)
rNeg     . . .     Faith    .   a - +0 robe
rPois    +         Spirit   .   (no helmet)
rElec    .         Reflect  .   (no cloak)
rCorr    .         Harm     .   (no gloves)
MR       .....                  (no barding)
Stlth    ++........             (no amulet)
HPRegen  0.08/turn              (no ring)
MPRegen  0.09/turn              (no ring)

@: very slow
A: large, see invisible, deformed body, poison resistance, slowness 2, slow
metabolism 1, spit poison 1, AC +0
a: Spit Poison


You were on level 4 of the Dungeon.
You were not hungry.

You visited 1 branch of the dungeon, and saw 4 of its levels.

You collected 57 gold pieces.

Inventory:

Hand Weapons
 i - a +0 hand axe (weapon)
Armour
 a - a +0 robe (worn)
Wands
 d - a wand of flame (14)
Scrolls
 e - a scroll of identify {unknown}
 f - a scroll of immolation {unknown}
 g - a scroll of remove curse {unknown}
 h - a scroll of fear {unknown}
 j - a scroll of blinking {unknown}
Potions
 b - a potion of invisibility {unknown}
Comestibles
 c - 2 rations


   Skills:
 * Level 0.7 Fighting
 + Level 1.6 Dodging
 + Level 3.1 Stealth
 + Level 2.1 Spellcasting
 + Level 4.5 Conjurations


You had 2 spell levels left.
You knew the following spells:

 Your Spells              Type           Power        Failure   Level  Hunger
a - Magic Dart            Conj           ###.         3%          1    #......
e - Searing Ray           Conj           ###...       4%          2    ###....

Your spell library contained the following spells:

 Spells                   Type           Power        Failure   Level  Hunger
 Dazzling Flash           Conj/Hex       #.....       26%         3    ###....
 Fulminant Prism          Conj/Hex       #.........   65%         4    #####..
 Iskenderun's Mystic Bla  Conj/Tloc      #.......     65%         4    #####..


Dungeon Overview and Level Annotations

Branches:
Dungeon (4/15)
 Temple: D:4-7

Altars:


Innate Abilities, Weirdness & Mutations

You cannot wear boots.
Your serpentine skin is tough. (AC +0)
You have supernaturally acute eyesight. (SInv)
Armour fits poorly on your strangely shaped body.
Your system is resistant to poisons. (rPois)
You cover ground very slowly.
You have a slow metabolism.
You can spit poison.


Message History

You closely miss the crimson imp.
The crimson imp is heavily wounded.
The crimson imp blinks!
Casting: Searing Ray (safe; 4% risk of failure)
Confirm with . or Enter, or press ? or * to list all spells.
Okay, then.
The crimson imp hits you.
* * * LOW HITPOINT WARNING * * *
You completely miss the crimson imp.
The crimson imp is moderately wounded.
The crimson imp hits you but does no damage.
You closely miss the crimson imp.
The crimson imp is lightly wounded.
The crimson imp barely misses you.
You hit the crimson imp.
The crimson imp is moderately wounded.
The crimson imp hits you.
* * * LOW HITPOINT WARNING * * *
The crimson imp hits you.
You die...

#....... #.# #.....# #.## #(.
#.....# #... ... #..## #..#
#.# .####...## #..# #.#
.........# #..# #<#
.#.......# #..####.###
#.......##########..........
............@5........###.###
###........................#
#.......#######......#####
#.......# #.####.# #.......#
#.# #.# ##.###.## #.# #.# .#
## #.# #.# #.# #.# ..#


You could see a crimson imp.

Vanquished Creatures
  An adder (D:4)
  A dart slug (D:3)
  A leopard gecko (D:3)
  A giant cockroach (D:3)
  2 quokkas
  A bat (D:2)
  2 goblins
  A kobold (D:2)
  2 rats (D:3)
12 creatures vanquished.

Vanquished Creatures (others)
  A rat (D:2)
1 creature vanquished.

Grand Total: 13 creatures vanquished

Notes
Turn   | Place    | Note
-------+----------+-------------------------------------------
     0 | D:1      | Esekla the Naga Conjurer began the quest for the Orb.
     0 | D:1      | Reached XP level 1. HP: 15/15 MP: 3/3
   207 | D:3      | Reached XP level 2. HP: 12/24 MP: 5/5
   220 | D:3      | Learned a level 2 spell: Searing Ray
   627 | D:4      | Noticed a crimson imp
   662 | D:4      | Slain by a crimson imp

Illustrated notes

Levels and vault maps discovered:
D:1:      kennysheep_arrival_seaside, layout_basic, minmay_misc_feat_iff
D:2:      layout_loops_ring, fiery_altar_vehumet, lemuel_doored_altar,
          nicolae_overflow_hidden_temple, first_ration, grunt_gozag_statues
D:3:      layout_basic, serial_curves, eino_curves_01, eino_curves_04,
          eino_curves_04
D:4:      layout_loops_ring

Action                   || total
-------------------------++-------
Melee: Hand axe          ||    16
 Cast: Magic Dart        ||     6
       Searing Ray       ||     5
 Abil: Spit Poison       ||     2
Armor: Robe              ||     1
Dodge: Dodged            ||    13

Table legend:
 A = Non-vault XP
 B = Vault XP
 C = Vault XP percentage of total XP
 D = Non-vault monster count
 E = Vault monster count
 F = Vault count percentage of total count
                 A         B        C        D         E       F
            +---------+---------+-------+---------+---------+-------
      Total |      33 |       0 |   0.0 |      12 |       0 |   0.0
            +---------+---------+-------+---------+---------+-------
        D:2 |       3 |       0 |   0.0 |       3 |       0 |   0.0
        D:3 |      15 |       0 |   0.0 |       7 |       0 |   0.0
        D:4 |      15 |       0 |   0.0 |       2 |       0 |   0.0
            +---------+---------+-------+---------+---------+-------
